 Dungeon Crawl Stone Soup version 0.21.1 (webtiles) character file.

32 Inarius the Ruffian (level 3, -8/33 HPs)
             Began as a Ghoul Monk on Feb 3, 2018.
             Mangled by Crazy Yiuf
             ... wielding a +2 quarterstaff of chaos
              (9 damage)
             ... on level 2 of the Dungeon.
             The game lasted 00:03:40 (1048 turns).

Inarius the Ruffian (Ghoul Monk)                    Turns: 1048, Time: 00:03:40

Health: -8/33      AC:  6    Str: 15    XL:     3   Next: 27%
Magic:  0/2        EV: 10    Int:  5    God:
Gold:   83         SH:  0    Dex: 11    Spells: 2/2 levels left

rFire    . . .     SeeInvis .     - Unarmed
rCold    + . .     Gourm    .   (no shield)
rNeg     + + +     Faith    .   j - +0 scale mail
rPois    ∞         Spirit   +   (no helmet)
rElec    .         Reflect  .   (no cloak)
rCorr    .         Harm     .   (no gloves)
MR       .....                  (no boots)
Stlth    +.........             i - amulet of guardian spirit
HPRegen  0.00/turn              (no ring)
MPRegen  0.08/turn              (no ring)

@: rotting, slowed, very slow
A: rotting body, claws 1, carnivore, cold resistance 1, negative energy
resistance 3, inhibited regeneration, torment resistance, unbreathing
a: no special abilities


You were on level 2 of the Dungeon.
You were not hungry.

You visited 1 branch of the dungeon, and saw 2 of its levels.

You collected 83 gold pieces.

Inventory:

Hand Weapons
 e - a cursed -3 hunting sling
Missiles
 k - 22 sling bullets
Armour
 j - a +0 scale mail (worn)
Jewellery
 i - an amulet of guardian spirit (around neck)
Scrolls
 a - a scroll of teleportation {unknown}
 d - 2 scrolls of remove curse {unknown}
 h - 3 scrolls of identify {unknown}
 l - a scroll of amnesia {unknown}
Potions
 c - a potion of berserk rage {unknown}
 f - a potion of might {unknown}
Comestibles
 b - 3 rations
 g - a chunk of flesh


   Skills:
 + Level 3.6 Fighting
 + Level 3.0 Dodging
 + Level 2.4 Stealth
 + Level 4.0 Unarmed Combat


You had 2 spell levels left.
You didn't know any spells.

Dungeon Overview and Level Annotations

Branches:
Dungeon (2/15)

Altars:

Annotations:
D:2 Crazy Yiuf


Innate Abilities, Weirdness & Mutations

Your body is rotting away.
You thrive on raw meat.
You are immune to poison.
You have sharp fingernails.
You are carnivorous and can eat meat at any time.
Your flesh is cold resistant. (rC+)
You are immune to negative energy. (rN+++)
You do not regenerate when monsters are visible.
You are immune to unholy pain and torment.
You can survive without breathing.


Message History

Crazy Yiuf hits you with a quarterstaff of chaos.
Space bends around you.
You closely miss Crazy Yiuf. You closely miss Crazy Yiuf.
Crazy Yiuf closely misses you.
You claw Crazy Yiuf! Your claw misses Crazy Yiuf.
Crazy Yiuf is heavily wounded.
Crazy Yiuf laughs, "Walk arm arm!"
Crazy Yiuf hits you with a quarterstaff of chaos.
You suddenly lose the ability to move!
Some of the chunks of flesh in your inventory have rotted away.
Crazy Yiuf hits you with a quarterstaff of chaos!
You feel your power leaking away. Crazy Yiuf hits you but does no damage.
Crazy Yiuf hits you with a quarterstaff of chaos.
Crazy Yiuf hits you with a quarterstaff of chaos!
* * * LOW HITPOINT WARNING * * *
You feel yourself slow down.
You can move again.
Crazy Yiuf hits you with a quarterstaff of chaos!
You die...

# # # ## # #.### #
#...##♣♣ ### #
#......♣♣ ♣♣#).)# #
#####......♣♣♣♣)'...#
#
#..........)♣@g♣#.))#
####.###.....)♣)♣♣♣
### ..........##♣♣♣♣♣
####.##...# #÷##..##
#.##..# #.....#
####.## #.#


You could see Crazy Yiuf.

Vanquished Creatures
  An adder (D:2)
  An ooze (D:1)
  A dart slug (D:1)
  4 bats
  A giant cockroach (D:2)
  6 kobolds
  2 frilled lizards
  5 rats (D:1)
21 creatures vanquished.

Notes
Turn   | Place    | Note
-------+----------+-------------------------------------------
     0 | D:1      | Inarius the Ghoul Monk began the quest for the Orb.
     0 | D:1      | Reached XP level 1. HP: 19/19 MP: 0/0
    86 | D:1      | Reached XP level 2. HP: 25/26 MP: 1/1
   960 | D:2      | Reached skill level 4 in Unarmed Combat
   960 | D:2      | Reached XP level 3. HP: 33/33 MP: 2/2
  1031 | D:2      | Found a runed door.
  1035 | D:2      | Noticed Crazy Yiuf
  1042 | D:2      | Paralysed by Crazy Yiuf for 4 turns
  1046 | D:2      | HP: 1/33 [Crazy Yiuf/quarterstaff of chaos (9)]
  1048 | D:2      | Mangled by Crazy Yiuf

Skill      XL: |  1  2  3 |
---------------+----------+-----
Unarmed Combat | 4 |  4.0
Dodging        | 3 |  3.0
Fighting       | |  3.6
Stealth        | |  2.4

Action                   || total
-------------------------++-------
Melee: Unarmed           ||    62
 Stab: Sleeping          ||     1
  Eat: Chunk             ||     2
Armor: Scale mail        ||     9
       Leather armour    ||     3
       Robe              ||     1
Dodge: Dodged            ||    34
